 Dungeon Crawl Stone Soup version 0.24.0-125-gc4c63601f3 (webtiles) character file.

Game seed: 6765624567945519401, levelgen mode: deterministic

3031 Johnny the Fighter (level 9, -1/91 HPs)
             Began as a Naga Berserker on Feb 25, 2020.
             Was an Elder of Trog.
             Slain by an ogre
             ... wielding a +0 giant club
              (12 damage)
             ... on level 7 of the Dungeon.
             The game lasted 00:06:17 (6343 turns).

Johnny the Fighter (Naga Berserker)                 Turns: 6343, Time: 00:06:17

Health: -1/91      AC: 12    Str: 24    XL:     9   Next: 86%
Magic:  2/9        EV:  8    Int:  7    God:    Trog [****..]
Gold:   360        SH:  0    Dex: 10    Spells: 8/8 levels left

rFire    . . .     SeeInvis +     - Unarmed
rCold    . . .     Gourm    .   (no shield)
rNeg     . . .     Faith    .   o - +0 chain mail
rPois    +         Spirit   .   e - +0 helmet
rElec    .         Reflect  .   y - +0 cloak
rCorr    +         Harm     .   q - +0 pair of gloves
MR       +....                  (no barding)
Stlth    ..........             s - amulet of the acrobat
HPRegen  0.25/turn              r - ring of resist corrosion
MPRegen  0.11/turn              u - ring of poison resistance

@: berserk cooldown, slowed, very slow
A: large, see invisible, deformed body, poison resistance, slowness 2, slow
metabolism 1, spit poison 1, AC +3
a: Spit Poison, Berserk, Trog's Hand, Brothers in Arms, Renounce Religion


You were on level 7 of the Dungeon.
You worshipped Trog.
Trog was greatly pleased with you.
You were near starving.

You visited 1 branch of the dungeon, and saw 7 of its levels.

You collected 360 gold pieces.

Inventory:

Armour
 e - a +0 helmet (worn)
 o - a +0 chain mail (worn)
 q - a +0 pair of gloves (worn)
 y - a +0 cloak (worn)
Jewellery
 m - an uncursed ring of ice
 r - a ring of resist corrosion (left hand)
 s - an amulet of the acrobat (around neck)
 u - a ring of poison resistance (right hand)
Wands
 t - a wand of polymorph (16)
Scrolls
 a - 3 scrolls of teleportation
 c - 2 scrolls of blinking
 h - 3 scrolls of enchant weapon {unknown}
 i - 2 scrolls of remove curse {unknown}
 p - a scroll of fear {unknown}
 v - a scroll of noise {unknown}
 x - a scroll of acquirement {unknown}
 B - a scroll of magic mapping
Potions
 d - 2 potions of curing
 f - a potion of agility {unknown}
 g - 3 potions of brilliance
 j - 3 potions of flight
 k - a potion of heal wounds
 l - a potion of ambrosia
 n - 3 potions of degeneration {unknown}
 w - a potion of cancellation {unknown}
Comestibles
 b - 11 rations


   Skills:
 * Level 9.0 Fighting
 + Level 5.2 Armour
 + Level 5.2 Dodging
 + Level 6.7 Unarmed Combat


You had 8 spell levels left.
You didn't know any spells.
Your spell library contained the following spells:

 Spells                   Type           Power        Failure   Level  Hunger
 Magic Dart               Conj           #...         97%         1    ##.....
 Blink                    Tloc           N/A          99%         2    ###....
 Call Imp                 Summ           #.......     99%         2    ###....
 Slow                     Hex            #.......     99%         2    ###....
 Conjure Flame            Conj/Fire      #.......     100%        3    ####...
 Mephitic Cloud           Conj/Pois/Air  #.......     100%        3    ####...


Dungeon Overview and Level Annotations

Branches:
Dungeon (7/15)             Temple (0/1) D:7

Altars:
Okawaru
Qazlal
Uskayaw
Yredelemnul
The Shining One

Shops:
D:6 (


Innate Abilities, Weirdness & Mutations

You cannot wear boots.
Your serpentine skin is tough. (AC +3)
You have supernaturally acute eyesight. (SInv)
Armour fits poorly on your strangely shaped body.
Your system is resistant to poisons. (rPois)
You cover ground very slowly.
You have a slow metabolism.
You can spit poison.


Message History

You feel sick. The ogre hits you with a +0 giant club.
* * * LOW HITPOINT WARNING * * *
You hit the ogre.
The ogre is almost dead.
The ogre hits you with a +0 giant club!
* * * LOW HITPOINT WARNING * * *
Unknown command.
Evoke which item? (* to show all) (? for menu, Esc to quit)
Okay, then.
You feel better. The ogre barely misses you.
Unknown command.
Unknown command.
You barely miss the ogre.
The ogre is almost dead.
The ogre hits you with a +0 giant club!
* * * LOW HITPOINT WARNING * * *
Unknown command.
You feel better. The ogre barely misses you.
The ogre hits you with a +0 giant club!
You die...

*,,* #.###.**,,,*,,,,,,*,, **,**
#..%...,,,,*,,,,,,,,, ****#*,,*
#...,.#*,,**,*,,***,* ,,*,....#*
#.?#*.##.,#*,*,,* *,*
,,,,,....####..#,.....#*,*,,* *,*
,,,,,,.........#..##..**,*,,* *,*
,,,,,,*#..*#.........,,.,*,,***,*
,,**#####.##.†###.##....,,,,,,*,*
,,**........†...@O......,*,,*,*,*
,,*#.#####.#.?######..##,*,,*,*,*
,,*#.#####....######*,**,*,,*,*,*
####.##..†...........,,,,,,,*,*,*
.....##.###...#######,**,*,**,*,*
)..#..#.#..†.......,,,**,*,**,*,*
#.###...#..#.>.....,,,,,,,,,,,*,*
..###...#..#.#####.#**,*,,,****,*
..##....#.$#.# *,# *,*,,,,,,,,,


You could see an ogre.

Vanquished Creatures
  Grinder (D:3)
  2 hippogriffs (D:7)
  A wyvern (D:6)
  A vampire (D:7)
  A water moccasin (D:6)
  An eye of draining (D:7)
  An orc warrior (D:4)
  2 sky beasts
  3 ice beasts
  A necrophage (D:6)
  2 ogres (D:6)
  A bullfrog (D:6)
  4 scorpions
  2 howler monkeys (D:7)
  4 crimson imps
  A bullfrog zombie (D:6)
  A quasit (D:6)
  4 hounds
  5 orc wizards
  2 orc priests (D:7)
  A centaur skeleton (D:6)
  A bullfrog skeleton (D:7)
  Natasha (D:3)
  4 worker ants
  A worker ant zombie (D:5)
  5 adders
  A shadow imp (D:5)
  An ooze (D:3)
  2 adder skeletons
  3 dart slugs
  A worm (D:2)
  5 leopard geckos
  16 orcs
  3 giant cockroaches
  3 goblins
  6 hobgoblins
  7 jackals
  4 quokkas
  7 bats
  5 frilled lizards
  7 kobolds
  3 leopard gecko skeletons
  A quokka zombie (D:5)
  7 rats
135 creatures vanquished.

Notes
Turn   | Place    | Note
-------+----------+-------------------------------------------
     0 | D:1      | Johnny the Naga Berserker began the quest for the Orb.
     0 | D:1      | Reached XP level 1. HP: 21/21 MP: 1/1
   147 | D:1      | Reached XP level 2. HP: 23/28 MP: 2/2
   873 | D:2      | Reached XP level 3. HP: 19/34 MP: 3/3
  1522 | D:2      | Reached ** piety under Trog
  1552 | D:2      | Found a basalt altar of Yredelemnul.
  1552 | D:2      | Found a hide-covered altar of Uskayaw.
  1552 | D:2      | Found an iron altar of Okawaru.
  1584 | D:2      | Found a stormy altar of Qazlal.
  1586 | D:2      | Found a glowing golden altar of the Shining One.
  1882 | D:3      | Reached XP level 4. HP: 40/44 MP: 4/4
  2006 | D:3      | Reached skill level 4 in Fighting
  2125 | D:3      | Noticed Natasha
  2134 | D:3      | Noticed Grinder
  2141 | D:3      | Killed Natasha
  2141 | D:3      | Reached XP level 5. HP: 50/50 MP: 5/5
  2165 | D:3      | Paralysed by Grinder for 2 turns
  3031 | D:4      | Noticed an orc warrior
  3036 | D:4      | Reached XP level 6. HP: 58/58 MP: 6/6
  3045 | D:4      | Killed an orc warrior
  3045 | D:4      | Reached skill level 5 in Fighting
  3119 | D:4      | Reached *** piety under Trog
  3383 | D:3      | Paralysed by Grinder for 7 turns
  3398 | D:3      | Killed Grinder
  3398 | D:3      | Reached XP level 7. HP: 68/68 MP: 7/7
  3548 | D:5      | Entered Level 5 of the Dungeon
  3996 | D:5      | Reached skill level 6 in Fighting
  4130 | D:5      | Reached XP level 8. HP: 78/78 MP: 8/8
  4136 | D:5      | Reached skill level 5 in Unarmed Combat
  4653 | D:6      | Reached skill level 7 in Fighting
  4867 | D:6      | Noticed a wyvern
  4867 | D:6      | an ogre changed into a wyvern
  4877 | D:6      | HP: 1/120 [wyvern (11)]
  4878 | D:6      | Killed a wyvern
  4878 | D:6      | Reached XP level 9. HP: 1/88 MP: 9/9
  5308 | D:6      | Reached skill level 8 in Fighting
  5310 | D:6      | Found Ruucali's Antique Weapon Shoppe.
  6235 | D:7      | Found a staircase to the Ecumenical Temple.
  6280 | D:7      | Reached **** piety under Trog
  6292 | D:7      | Reached skill level 5 in Armour
  6292 | D:7      | Reached skill level 5 in Dodging
  6327 | D:7      | Reached skill level 9 in Fighting
  6343 | D:7      | Slain by an ogre

Levels and vault maps discovered:
D:1:      psy_arrival_whirlpool, layout_loops_ring,
          chequers_serial_rivers_micro_b
D:2:      layout_basic, gammafunk_temple_overflow_claw,
          nicolae_overflow_hidden_temple, first_ration
D:3:      wander_river, layout_loops_ring, minmay_misc_feat_square,
          uniq_natasha, uniq_grinder
D:4:      layout_loops_ring
D:5:      minmay_chambers_of_threes, layout_loops_ring, nicolae_zen_rock_garden
D:6:      kennysheep_big_flooded_room, layout_rooms, serial_shops, shop,
          minmay_misc_feat_alley, kennysheep_generic_room_6
D:7:      layout_basic, minmay_temple_entry_wispy, the_bakery

Skill      XL: |  1  2  3  4  5  6  7  8  9 |
---------------+----------------------------+-----
Armour         | 2 3 4 5 |  5.2
Dodging        | 2 3 4 5 |  5.2
Fighting       | 4 5 6 7 9 |  9.0
Unarmed Combat | 4 5 6 |  6.7

Action                   |  1- 3 |  4- 6 |  7- 9 || total
-------------------------+-------+-------+-------++-------
Melee: Unarmed           |   121 |   212 |   360 ||   693
       Punch             |       |     2 |    10 ||    12
Invok: Berserk           |     2 |     3 |     9 ||    14
       Trog's Hand       |       |     3 |     4 ||     7
Evoke: Wand              |       |       |     1 ||     1
  Use: Scroll            |       |       |     7 ||     7
       Potion            |       |       |     3 ||     3
 Stab: Sleeping          |     2 |       |       ||     2
  Eat: Chunk             |     3 |     4 |    15 ||    22
       Ration            |       |     1 |     1 ||     2
Armor: Animal skin       |    19 |       |       ||    19
       Chain mail        |    50 |   114 |   229 ||   393
Dodge: Dodged            |    61 |    60 |   199 ||   320
